 Dungeon Crawl Stone Soup version 0.17-a0-1373-g64d4c99 (webtiles) character file.

706 nuthulu the Cudgeler (level 7, -1/61 HPs)
             Began as a White Draconian Berserker on June 13, 2015.
             Was an Elder of Trog.
             Slain by an ogre
             ... wielding a +0 giant club
              (20 damage)
             ... on level 5 of the Dungeon.
             The game lasted 00:11:18 (4242 turns).

nuthulu the Cudgeler (White Draconian Berserker)    Turns: 4242, Time: 00:11:18

Health: -1/61      AC:  6    Str: 20    XL:     7   Next: 39%
Magic:  7/7        EV: 15    Int:  7    God:    Trog [****..]
Gold:   210        SH:  4    Dex: 12    Spells: 0 memorised, 6 levels left

rFire  . . .     SeeInvis .     q - +0 morningstar
rCold  + . .     Clarity  .     (armour unavailable)
rNeg   . . .     SustAt   .     h - +0 buckler
rPois  .         Gourm    .     (helmet restricted)
rElec  .         Spirit   .     (no cloak)
rCorr  .         Warding  .     (no gloves)
rMut   .         Stasis   .     (no boots)
MR     .....                    (no amulet)
Stlth  +.........               (no ring)
                                e - +1 ring of evasion

@: not resistant to hostile enchantments, very unstealthy
A: breathe frost, unfitting armour, cold resistance 1, cold-blooded, AC +6
a: Breathe Frost, Burn Spellbooks, Berserk, Trog's Hand, Brothers in Arms,
Renounce Religion


You were on level 5 of the Dungeon.
You worshipped Trog.
Trog was greatly pleased with you.
You were not hungry.

You visited 2 branches of the dungeon, and saw 6 of its levels.

You collected 210 gold pieces.

Inventory:

Hand weapons
 a - a +2 mace
 q - a +0 morningstar (weapon)
Armour
 h - a +0 buckler (worn)
Jewellery
 e - a +1 ring of evasion (left hand)
Potions
 c - a potion of heal wounds
 d - a potion of cure mutation {unknown}
 j - a potion of flight {unknown}
 k - a potion of might
 l - a potion of agility {unknown}
 m - a potion of haste {unknown}
 p - 2 potions of curing
Comestibles
 b - 3 bread rations
 f - 2 meat rations
 i - 2 slices of pizza


   Skills:
 + Level 5.2 Fighting
 + Level 5.3 Maces & Flails
 + Level 4.7 Dodging
 + Level 3.4 Shields


You had 6 spell levels left.
You didn't know any spells.

Dungeon Overview and Level Annotations

Branches:
Dungeon (5/15)             Temple (1/1) D:4

Altars:
Ashenzari
Cheibriados
Dithmenos
Elyvilon
Fedhas
Gozag
Nemelex Xobeh
Ru
Sif Muna
Trog
Vehumet
Xom
Yredelemnul
Zin
The Shining One


Innate Abilities, Weirdness & Mutations

You can breathe waves of freezing cold.
You can buffet flying creatures when you breathe cold.
Your icy white scales are hard (AC +6).
Your body does not fit into most forms of armour.
Your flesh is cold resistant.
You are cold-blooded and may be slowed by cold attacks.


Message History

There is a stone staircase leading down here.
You climb downwards.
There is a stone staircase leading up here.
Found a dagger and a hand axe.
You open the door.
A kobold comes into view.
A hobgoblin comes into view. It is wielding a club.
There is an open door here.
An ogre comes into view. It is wielding a giant club.
The kobold shouts!
The ogre shouts!
You block the kobold's attack. The ogre hits you with a giant club!!
You block the kobold's attack.
You barely miss the kobold.
Your tail-slap misses the kobold.
The hobgoblin misses you. The kobold misses you.
The ogre hits you with a giant club!
You hit the ogre.
The ogre is lightly wounded.
You block the hobgoblin's attack. The kobold hits you but does no damage.
The ogre hits you with a giant club!!
You die...

#.#...# #.# ######.# #.##.##
#.# #......# #.##.# ##+#
#.###### .....# ##...## #.#
.....# ##.....## #.#### #.#..#
##.......###.##.##
.....####.........##.#...####
..<.....+......O..+.........##
.....####......K@.##.#.......#
.##.## #.....g.###.........# .
### ##.....## #####.....#
##...## ##...## ##'## ##.##
#.# #.# ##########.# #.#
...........## #.#
######.###.## #.#


You could see an ogre, a hobgoblin and a kobold.

Vanquished Creatures
  Sigmund (D:2)
  Eustachio (D:4)
  An ogre (D:4)
  3 orc wizards
  An orc priest (D:3)
  Ijyb (D:2)
  3 adders
  2 worms (D:2)
  4 giant geckos (D:4)
  19 orcs
  A ball python (D:4)
  5 goblins
  12 hobgoblins
  9 jackals
  A quokka (D:3)
  6 bats
  7 giant cockroaches
  7 giant newts
  8 kobolds
  8 rats
100 creatures vanquished.

Vanquished Creatures (others)
  An orc wizard (D:2)
1 creature vanquished.

Grand Total: 101 creatures vanquished

Notes
Turn   | Place    | Note
--------------------------------------------------------------
     0 | D:1      | nuthulu the Draconian Berserker began the quest for the Orb.
     0 | D:1      | Reached XP level 1. HP: 19/19 MP: 1/1
   262 | D:1      | Reached XP level 2. HP: 26/26 MP: 2/2
   719 | D:1      | Acquired Trog's second power
  1083 | D:1      | Reached XP level 3. HP: 28/31 MP: 3/3
  1187 | D:2      | Noticed Ijyb
  1204 | D:2      | Killed Ijyb
  1216 | D:2      | Found a faded altar to an unknown god.
  1282 | D:2      | Reached XP level 4. HP: 37/40 MP: 4/4
  1287 | D:2      | Found a shimmering altar of Xom.
  1390 | D:2      | Reached skill level 4 in Fighting
  1605 | D:2      | Noticed Sigmund
  1611 | D:2      | Killed Sigmund
  1611 | D:2      | Reached skill level 1 in Shields
  1611 | D:2      | Reached XP level 5. HP: 47/47 MP: 5/5
  1713 | D:2      | Found a glowing golden altar of the Shining One.
  1714 | D:2      | Found a radiant altar of Vehumet.
  1714 | D:2      | Found a basalt altar of Yredelemnul.
  2100 | D:2      | Reached XP level 6. HP: 51/53 MP: 6/6
  2454 | D:3      | Found a shattered altar of Ashenzari.
  3092 | D:4      | Reached skill level 5 in Fighting
  3092 | D:4      | Reached skill level 5 in Maces & Flails
  3092 | D:4      | Your scales start taking on an icy white colour.
  3092 | D:4      | Gained mutation: Your flesh is cold resistant. [White Draconian growth]
  3092 | D:4      | Reached XP level 7. HP: 59/61 MP: 7/7
  3111 | D:4      | Found a shadowy altar of Dithmenos.
  3253 | D:4      | Noticed Eustachio
  3275 | D:4      | Killed Eustachio
  3544 | D:4      | Found a blossoming altar of Fedhas.
  3612 | D:4      | Acquired Trog's third power
  3668 | D:4      | Found a staircase to the Ecumenical Temple.
  3674 | Temple   | Entered the Ecumenical Temple
  4051 | D:4      | Found a bloodstained altar of Trog.
  4138 | D:5      | Entered Level 5 of the Dungeon
  4242 | D:5      | Slain by an ogre

Vault maps used:
D:1:      saegor_arrival_under_anarchy
D:2:      lemuel_round_altar, minitemple, ecumenical_altar_2, uniq_iyjb,
          uniq_sigmund
D:3:      nicolae_overflow_crystal_walls
D:4:      lemuel_round_altar, lemuel_coloured_pillars_altar,
          overflow_temple_1_default, minmay_temple_entry_fiery, first_bread,
          minmay_misc_feat_square, uniq_eustachio
D:5:      serial_shops, shop, basic_altar, fountainhead, minmay_splitting_lines,
          uniq_pikel, uniq_prince_ribbit1
Temple:   nicolae_temple_great_sept

Action                   |  1- 3 |  4- 6 |  7- 9 || total
-------------------------+-------+-------+-------++-------
Melee: Mace              |   114 |    96 |       ||   210
       Morningstar       |       |    51 |    63 ||   114
Invok: Berserk           |       |     1 |     1 ||     2
  Use: Scroll            |     4 |     7 |       ||    11
       Potion            |       |     2 |       ||     2
 Stab: Sleeping          |       |     1 |       ||     1
  Eat: Chunk             |     1 |     7 |     5 ||    13
